 Dungeon Crawl Stone Soup version 0.19.1 (webtiles) character file.

72 grothor the Ducker (level 4, 0/44 HPs)
             Began as a Troll Fighter on Dec 7, 2016.
             Succumbed to an adder's poison
             ... on level 2 of the Dungeon.
             The game lasted 00:10:51 (668 turns).

grothor the Ducker (Troll Fighter)                   Turns: 668, Time: 00:10:52

Health: 0/44       AC:  5    Str: 25    XL:     4   Next: 6%
Magic:  3/3        EV:  8    Int:  4    God:
Gold:   29         SH:  9    Dex:  9    Spells: 0 memorised, 3 levels left

rFire  . . .     SeeInvis .     h - -2 short sword (curse)
rCold  . . .     Gourm    +     b - +0 robe
rNeg   . . .     Faith    .     c - +0 shield
rPois  .         Spirit   .     (helmet restricted)
rElec  .         Reflect  .     (no cloak)
rCorr  .         Harm     .     (gloves unavailable)
MR     .....                    (boots unavailable)
Stlth  +.........               (no amulet)
                                (no ring)
                                (no ring)

@: lethally poisoned (0 -> -5)
A: unfitting armour, claws 3, fast metabolism 3, gourmand, regeneration 1,
shaggy fur 1, tough skin 2
a: no special abilities


You were on level 2 of the Dungeon.
You were not hungry.

You visited 1 branch of the dungeon, and saw 2 of its levels.

You collected 29 gold pieces.

Inventory:

Hand Weapons
 a - a +0 flail
 e - a +0 club
 g - a +0 short sword
 h - a cursed -2 short sword (weapon)
 o - a +0 mace
 q - a +1 dagger of holy wrath
 s - a cursed -1 hand axe
Armour
 b - a +0 robe (worn)
 c - a +0 shield (worn)
 p - a +0 leather armour
Jewellery
 m - an uncursed ring of protection from cold {unknown}
Scrolls
 l - a scroll of enchant weapon {unknown}
 n - a scroll of recharging {unknown}
 r - a scroll of teleportation {unknown}
Potions
 d - a potion of might
 k - a potion of flight {unknown}
 t - a potion of agility {unknown}
Comestibles
 f - 2 bread rations
 i - a beef jerky
 j - a royal jelly


   Skills:
 + Level 2.7 Fighting
 + Level 1.1 Short Blades
 + Level 2.0 Maces & Flails
 + Level 3.0 Dodging
 + Level 2.9 Shields


You had 3 spell levels left.
You didn't know any spells.

Dungeon Overview and Level Annotations

Branches:
Dungeon (2/15)

Altars:


Innate Abilities, Weirdness & Mutations

You are too large for most types of armour.
You have claws for hands.
Your metabolism is lightning-fast.
You like to eat raw meat.
Your natural rate of healing is unusually fast.
You are covered in fur. (AC +1)
You have very tough skin. (AC +2)


Message History

You feel sick. The adder bites you.
* * * LOW HITPOINT WARNING * * *
You are more poisoned.
The adder poisons you!
You closely miss the adder.
The adder is severely wounded.
You feel sick. The adder bites you.
* * * LOW HITPOINT WARNING * * *
The adder bites you.
* * * LOW HITPOINT WARNING * * *
You are lethally poisoned!
The adder poisons you!
You closely miss the adder.
The adder is severely wounded.
* * * LOW HITPOINT WARNING * * *
You feel sick. The adder bites you.
* * * LOW HITPOINT WARNING * * *
You hit the adder.
The adder is almost dead.
You die...

## ############## .#
#............
.#######..........#
......†..†........#####.
##..#####...............
..#...................#
#.#######.....##......#
#.# #..##$.#S.....#
#.#######....)..@.....##
...#.....#.#...†........
................(.....#.
................####.!..
..............### .##
.[............... #
.................###.##
.......................
..........##.......#..#


You could see an adder.

Vanquished Creatures
  Jessica (D:2)
  An adder (D:2)
  3 oozes (D:2)
  A worm (D:2)
  4 bats (D:2)
  A giant cockroach (D:1)
  A goblin (D:1)
  6 hobgoblins
  A quokka (D:2)
  4 rats (D:2)
23 creatures vanquished.

Notes
Turn   | Place    | Note
-------+----------+-------------------------------------------
     0 | D:1      | grothor the Troll Fighter began the quest for the Orb.
     0 | D:1      | Reached XP level 1. HP: 22/22 MP: 0/0
   342 | D:2      | Reached XP level 2. HP: 29/29 MP: 1/1
   397 | D:2      | Noticed Jessica
   406 | D:2      | Killed Jessica
   406 | D:2      | Reached XP level 3. HP: 25/36 MP: 2/2
   542 | D:2      | Reached skill level 1 in Short Blades
   617 | D:2      | Reached skill level 3 in Dodging
   636 | D:2      | Reached XP level 4. HP: 28/44 MP: 3/3
   667 | D:2      | HP: 1/44 [adder (2)]
   668 | D:2      | Succumbed to an adder's poison

Skill      XL: |  1  2  3 |
---------------+----------+-----
Maces & Flails | 2 |  2.0
Short Blades   | 1 |  1.1
Dodging        | 3 |  3.0
Fighting       | |  2.7
Shields        | |  2.9

Action                   |  1- 3 |  4- 6 || total
-------------------------+-------+-------++-------
Melee: Flail             |    14 |       ||    14
       Short sword       |    85 |    26 ||   111
  Eat: Bread ration      |     1 |       ||     1
Armor: Robe              |    52 |     4 ||    56
Dodge: Dodged            |    35 |    10 ||    45
Block: Shield            |    62 |     6 ||    68
